 Dungeon Crawl Stone Soup version 0.29-a0-700-g2f1814c7b2 (webtiles) character file.

Game seed: 9137977358118302095

84 Shayle the Grasshopper (level 4, 0/35 HPs)
             Began as a Barachi Warper on June 25, 2022.
             Slain by an adder (1 damage)
             ... on level 2 of the Dungeon.
             The game lasted 00:04:23 (1816 turns).

Shayle the Grasshopper (Barachi Warper)             Turns: 1816, Time: 00:04:24

Health: 0/35       AC:  5    Str: 12    XL:     4   Next: 46%
Magic:  8/8        EV: 10    Int: 15    God:
Gold:   37         SH:  0    Dex: 12    Spells: 9/9 levels left

rFire   . . .      SeeInvis .     - Unarmed
rCold   . . .      Faith    .   (no shield)
rNeg    . . .      Spirit   .   d - +0 ring mail
rPois   .          Reflect  .   (no helmet)
rElec   .          Harm     .   (no cloak)
rCorr   .          Rampage  .   (no gloves)
Will    .....                   (no boots)
Stlth   +.........              (no amulet)
HPRegen 0.11/turn               (no ring)
MPRegen 0.11/turn               (no ring)

@: slow
A: amphibious, slowness 1, strong legs 1, +LOS
a: Hop


You were on level 2 of the Dungeon.
You visited 1 branch of the dungeon, and saw 2 of its levels.

You collected 37 gold pieces.

Inventory:

Armour
 a - a +0 leather armour
 d - a +0 ring mail (worn)
Scrolls
 f - a scroll of vulnerability
Potions
 k - a potion of flight


   Skills:
 + Level 3.4 Fighting
 - Level 1.0 Throwing
 + Level 2.5 Armour
 - Level 2.1 Dodging
 - Level 2.1 Unarmed Combat
 + Level 3.0 Spellcasting
 + Level 4.0 Translocations


You had 9 spell levels left.
You didn't know any spells.
Your spell library contained the following spells:

 Spells                   Type           Power      Damage    Failure   Level
 Blink                    Tloc           28%        N/A       13%         2
 Gell's Gravitas          Tloc           14%        N/A       26%         3
 Lesser Beckoning         Tloc           14%        N/A       26%         3
 Teleport Other           Tloc           14%        N/A       26%         3
 Manifold Assault         Tloc           14%        N/A       93%         5


Dungeon Overview and Level Annotations

Branches:
Dungeon (2/15)

Altars:

Annotations:
D:2 Natasha


Innate Abilities, Weirdness & Mutations

You are amphibious.
You cover ground slowly.
You can hop short distances.
You have an extended range of vision and can be seen from far away.


Message History

Okay, then.
As you read the scroll labelled BOQID GUTZEKU, it crumbles to dust.
It is a scroll of brand weapon.
You aren't carrying any weapons that can be branded.
The jackal closely misses you.
As you read the scroll labelled FAOTRIOLY, it crumbles to dust.
It is a scroll of enchant weapon.
You aren't carrying any weapons that can be enchanted.
The jackal bites you but does no damage.
The jackal barely misses you.
As you read the scroll labelled UFAQATE FAFUTH, it crumbles to dust.
It is a scroll of amnesia.
You feel forgetful for a moment. The jackal misses you.
You completely miss the jackal.
The jackal is moderately wounded.
The jackal bites you.
* * * LOW HITPOINT WARNING * * *
You hit the jackal.
You kill the jackal!
The bat hits you.
* * * LOW HITPOINT WARNING * * *
The bat hits you but does no damage.
You hit the bat.
The bat is moderately wounded.
The bat barely misses you.
You hit the bat.
You kill the bat!
You are ready to hop once more.
You barely miss the goblin. The goblin barely misses you.
You hit the goblin.
You kill the goblin!
You closely miss the adder. The adder barely misses you. The adder misses you.
You closely miss the adder. The adder bites you but does no damage.
You closely miss the adder. The adder bites you.
* * * LOW HITPOINT WARNING * * *
You completely miss the adder. The adder closely misses you.
You closely miss the adder. The adder bites you but does no damage.
The adder closely misses you.
You hit the adder but do no damage. The adder bites you.
You die...

#.......=...#
#...........#
#...........#
#...........#
#...........###
####....Sg....w#
###.....########r#
........# #S#
........# #@#
........# #.#
###.....# #.#
#.....# #.#
##.h#.## #.#
###.....## #.#
#...###...# #.#
##.#.#)#.#... #.#
....S#.#. ... ..#


You could see an adder, a dart slug and a rat.

Vanquished Creatures
  Natasha (twice) (D:2)
  A dart slug (D:1)
  3 bats
  4 endoplasms (D:1)
  4 giant cockroaches
  5 goblins
  3 hobgoblins (D:1)
  A jackal (D:2)
  2 ball pythons
  4 frilled lizards
  A kobold (D:1)
  2 rats (D:2)
32 creatures vanquished.

Notes
Turn   | Place    | Note
-------+----------+-------------------------------------------
     0 | D:1      | Shayle the Barachi Warper began the quest for the Orb.
     0 | D:1      | Reached XP level 1. HP: 17/17 MP: 3/3
   169 | D:1      | Reached XP level 2. HP: 14/23 MP: 5/5
   860 | D:1      | Found a faded altar of an unknown god.
   987 | D:1      | Reached XP level 3. HP: 24/28 MP: 6/6
  1055 | D:2      | Noticed Natasha
  1066 | D:2      | Killed Natasha
  1514 | D:2      | Noticed Natasha
  1542 | D:2      | Killed Natasha
  1543 | D:2      | Reached skill level 4 in Translocations
  1543 | D:2      | Reached XP level 4. HP: 14/35 MP: 8/8
  1750 | D:2      | Noticed Natasha
  1813 | D:2      | HP: 1/35 [adder (2)]
  1816 | D:2      | Slain by an adder

Illustrated notes

Levels and vault maps discovered:
D:1:      ebering_trefoil_twist, layout_loops_ring,
          shapermc_ecumenical_altar_flowoftime, minmay_crystal_water
D:2:      minmay_razor_zed, layout_basic, minmay_fractal_squares_5, uniq_natasha

Skill      XL: |  1  2  3 |
---------------+----------+-----
Fighting       | 3 |  3.4
Armour         | 2 |  2.5
Spellcasting   | 3 |  3.0
Translocations | 4 |  4.0
Throwing       | |  1.0
Dodging        | |  2.1
Unarmed Combat | |  2.1

Action                   |  1- 3 |  4- 6 || total
-------------------------+-------+-------++-------
Melee: Unarmed           |   132 |    25 ||   157
       Punch             |     2 |       ||     2
Throw: Boomerang         |     5 |     2 ||     7
 Abil: Hop               |       |     1 ||     1
  Use: Potion            |     4 |       ||     4
       Scroll            |       |     6 ||     6
Armor: Ring mail         |    58 |    15 ||    73
       Leather armour    |     3 |       ||     3
Dodge: Dodged            |    65 |    29 ||    94

Table legend: (Time is in decaauts)
 A = Elapsed time spent in this place.
 B = Non-inter-level travel time spent in this place.
 C = Inter-level travel time spent in this place.
 D = Time resting spent in this place.
 E = Time spent auto-exploring this place.
 F = Levels seen in this place.
 G = Mean time per level.
                   A        B        C        D        E       F      G
               +--------+--------+--------+--------+--------+-----+--------+
         Total |   1951 |   1939 |     12 |    395 |   1081 |   2 |  975.5 |
       Dungeon |   1951 |   1939 |     12 |    395 |   1081 |   2 |  975.5 |
               +--------+--------+--------+--------+--------+-----+--------+

Top non-repeatable levels by time:
     D:1: 1162 daAuts
     D:2: 788 daAuts
